Map: Romanticide LE

Players

Azure - Winner!

  • Race: Terran Terran

Demi

  • Race: Zerg Zerg

Event: DreamHack SC2 Masters 2021 Fall

VOD

Have the link to the VOD?

Description

Time

  • Played on: July 29, 2021, 5:11 a.m.
  • Length: 11:22

All games in this series

Show
View Real Time Build Order
Export as new Build Order

Azure Terran - Winner!

Build Orders: Reaper Expand 

Get SALT Encoding   

  12  0:00  SCV  
  13  0:12  SCV  
  14  0:17  Supply Depot  
  14  0:24  SCV  
  15  0:39  SCV  
  15  0:41  Barracks  
  16  0:44  Refinery  
  16  0:51  SCV  
  17  1:03  SCV  
  18  1:15  SCV  
  19  1:28  Reaper  
  19  1:29  Orbital Command  
  20  1:39  Command Center  
  20  1:49  Supply Depot  
  20  1:54  SCV  
  20  2:00  Marine  
  22  2:07  SCV  
  23  2:13  Factory  
  23  2:19  SCV  
  23  2:22  Barracks Reactor  
  24  2:31  SCV  
  25  2:43  SCV  
  26  2:44  Command Center  
  26  2:52  Orbital Command  
  26  2:58  Starport  
  26  3:00  SCV  
  27  3:06  Refinery  
  27  3:11  Hellion  
  29  3:15  Hellion  
  29  3:17  SCV  
  33  3:20  SCV  
  33  3:27  Barracks Tech Lab  
  33  3:29  SCV  
  33  3:32  SCV  
  35  3:34  Hellion  
  35  3:36  Hellion  
  39  3:41  SCV  
  39  3:44  SCV  
  41  3:53  SCV  
  41  3:54  Fusion Core  
  41  3:56  SCV  
  41  3:59  Orbital Command  
  41  4:02  Hellion x2  
  46  4:06  SCV  
  47  4:10  SCV  
  47  4:12  Refinery  
  47  4:16  Supply Depot  
  48  4:18  SCV  
  48  4:23  SCV, Hellion x2  
  54  4:25  SCV  
  54  4:30  SCV  
  56  4:35  SCV  
  56  4:37  SCV  
  58  4:42  Battlecruiser  
  58  4:44  SCV  
  65  4:49  Barracks Tech Lab  
  65  4:50  Supply Depot  
  65  4:51  SCV  
  65  4:52  SCV  
  67  4:57  SCV  
  68  5:03  SCV, Barracks  
  68  5:04  Factory Tech Lab  
  68  5:06  Factory Reactor  
  69  5:08  Barracks  
  69  5:09  Stimpack  
  69  5:11  Marine  
  69  5:12  SCV  
  71  5:14  Supply Depot  
  71  5:18  Supply Depot  
  71  5:19  SCV  
  71  5:20  SCV  
  73  5:23  Refinery  
  73  5:24  SCV  
  74  5:31  SCV  
  74  5:32  SCV  
  74  5:34  Marine, Engineering Bay x2  
  77  5:38  SCV  
  78  5:43  SCV  
  78  5:49  Supply Depot  
  79  5:51  Supply Depot, Orbital Command, Factory Reactor  
  79  5:52  Marine  
  79  5:53  SCV  
  79  5:57  Marine  
  81  6:04  Marine  
  83  6:07  Terran Infantry Armor Level 1, Terran Infantry Weapons Level 1  
  83  6:10  Barracks x2  
  83  6:12  Marine x2, SCV x2, Starport Reactor  
  87  6:20  Marine x2  
  87  6:22  SCV  
  87  6:24  SCV  
  89  6:26  Marine  
  89  6:28  SCV  
  89  6:30  Marine x2  
  93  6:34  SCV  
  93  6:36  SCV  
  93  6:38  Marine x2  
  97  6:40  SCV, Widow Mine  
  97  6:41  Widow Mine  
  97  6:44  Marine, Factory  
  97  6:45  Armory  
  97  6:46  SCV  
  104  6:47  Marine  
  104  6:48  Marine, SCV, Combat Shield, Supply Depot x2  
  104  6:52  SCV  
  108  6:56  Marine  
  109  7:04  Barracks Reactor  
  109  7:05  Barracks Reactor  
  109  7:06  Supply Depot x2  
  109  7:09  Marine x4  
  109  7:10  SCV x3  
  109  7:11  Supply Depot  
  109  7:13  Supply Depot  
  109  7:14  Marine, Refinery, Medivac  
  109  7:15  Bunker, Medivac  
  121  7:16  Widow Mine  
  121  7:22  SCV x2  
  125  7:27  Marine x2, SCV  
  128  7:34  Marine x2, Supply Depot x2, Terran Vehicle And Ship Armor Level 1  
  128  7:36  Widow Mine x2, Drilling Claws  
  135  7:37  Widow Mine  
  135  7:39  SCV  
  135  7:41  SCV  
  135  7:44  Marine x2  
  139  7:48  Marine x2  
  139  7:49  Medivac x2  
  146  8:01  Marine x2, Widow Mine x2, Command Center  
  146  8:02  Widow Mine  
  154  8:08  Marine  
  154  8:09  Marine x2  
  154  8:12  Marine, Supply Depot  
  158  8:14  Supply Depot  
  158  8:21  Medivac x2  
  158  8:23  Widow Mine x2  
  166  8:33  Marine  
  166  8:37  SCV  
  166  8:38  SCV  
  166  8:40  Terran Infantry Armor Level 2, Terran Infantry Weapons Level 2  
  161  8:41  Barracks  
  161  8:43  Barracks  
  161  8:44  Barracks  
  159  8:50  Marine x2  
  159  8:51  SCV x2  
  159  8:55  Marine x4  
  165  8:56  Marine x2, Sensor Tower  
  165  8:58  Widow Mine x3, Medivac  
  176  9:06  Marauder  
  176  9:08  Marine  
  176  9:09  Marine, Supply Depot x2  
  180  9:12  Marine  
  180  9:13  Marine  
  180  9:15  Marine x2  
  182  9:26  Marine x3  
  182  9:27  Marauder  
  185  9:32  Marine x2  
  185  9:36  Widow Mine x2  
  191  9:39  Barracks Tech Lab x3  
  191  9:47  Marine x2  
  191  9:49  Marauder  
  191  9:51  Marine  
  191  9:52  Marine  
  197  9:54  Planetary Fortress  
  197  9:55  SCV x2  
  199  10:06  Marine  
  200  10:07  Marauder  
  200  10:10  Marauder  
  200  10:28  Marine, Marauder  
  191  10:29  Marine x2  
  191  10:30  Marine x3, Marauder  
  191  10:34  Widow Mine  
  182  10:47  Marine x4, Marauder  
  182  10:48  Widow Mine x2  
  182  10:49  Marine  
  187  10:50  Marine x3, Marauder  
  187  10:51  Marauder  
  187  10:54  Marauder, Command Center  
  187  10:55  Widow Mine  
Show
View Real Time Build Order
Export as new Build Order

Demi Zerg 

Build Orders: Pool First 

Get SALT Encoding   

  12  0:00  Drone  
  13  0:12  Overlord  
  13  0:16  Drone  
  14  0:30  Drone x2  
  16  0:41  Spawning Pool  
  15  0:44  Drone  
  15  0:49  Drone  
  17  0:56  Drone  
  18  1:11  Hatchery  
  18  1:14  Drone  
  18  1:19  Extractor  
  17  1:28  Drone  
  17  1:29  Zergling x2  
  17  1:32  Queen  
  21  1:39  Overlord  
  21  1:51  Drone  
  22  2:00  Drone  
  23  2:07  Queen  
  25  2:10  Zergling x2  
  26  2:21  Drone  
  26  2:22  Queen  
  27  2:23  Drone  
  27  2:29  Metabolic Boost  
  30  2:33  Drone  
  32  2:37  Drone  
  32  2:40  Overlord  
  32  2:46  Drone x3  
  32  2:47  Drone  
  36  3:07  Drone x2  
  36  3:09  Overlord  
  36  3:12  Hatchery  
  37  3:15  Drone  
  37  3:16  Drone  
  40  3:20  Drone  
  40  3:26  Overlord  
  40  3:28  Queen  
  42  3:34  Queen, Drone x2  
  42  3:37  Overlord  
  42  3:40  Zergling x4  
  48  3:48  Drone x2  
  50  3:51  Overlord  
  50  3:53  Drone  
  51  3:57  Drone x3  
  54  4:05  Drone  
  54  4:06  Queen, Baneling Nest  
  54  4:08  Overlord  
  56  4:12  Zergling x6  
  59  4:17  Drone  
  59  4:21  Drone x2  
  62  4:29  Zergling x4  
  62  4:30  Queen  
  65  4:37  Drone x2  
  65  4:38  Spore Crawler  
  66  4:41  Drone x2  
  66  4:43  Spore Crawler, Drone x2  
  69  4:46  Queen  
  69  4:51  Drone  
  69  4:52  Drone x3  
  75  4:54  Extractor  
  75  4:55  Extractor  
  75  4:57  Drone  
  75  4:58  Drone x2  
  76  5:05  Lair  
  76  5:06  Drone x2  
  78  5:09  Overlord  
  78  5:11  Drone  
  79  5:18  Spore Crawler  
  79  5:21  Spore Crawler  
  77  5:26  Zergling x4  
  77  5:27  Zergling x6  
  81  5:36  Overlord x2  
  81  5:37  Extractor  
  81  5:42  Queen  
  80  5:43  Queen  
  80  5:45  Baneling x3  
  80  5:46  Hatchery  
  80  5:47  Drone  
  80  5:48  Evolution Chamber  
  80  5:49  Drone  
  82  5:50  Evolution Chamber  
  82  5:51  Drone x2  
  82  5:55  Overlord  
  83  5:59  Drone  
  83  6:00  Drone x2  
  83  6:01  Drone x2  
  86  6:06  Drone x3  
  86  6:07  Drone x2  
  87  6:20  Drone  
  87  6:21  Drone x9  
  87  6:22  Zerg Melee Weapons Level 1  
  96  6:27  Queen  
  96  6:30  Zergling x4  
  100  6:34  Zerg Ground Armor Level 1  
  100  6:38  Zergling x8  
  104  6:43  Spore Crawler  
  104  6:46  Baneling x3  
  104  6:47  Baneling  
  103  6:48  Zergling x2  
  103  6:49  Zergling x2  
  103  6:52  Overlord x3  
  102  7:06  Zergling x2  
  102  7:07  Zergling x8  
  104  7:08  Baneling  
  104  7:09  Baneling x4  
  104  7:16  Zergling x6  
  104  7:17  Queen  
  104  7:22  Drone, Hatchery  
  109  7:23  Zergling x6  
  109  7:25  Drone x2  
  109  7:26  Drone x2  
  109  7:27  Baneling x2  
  109  7:28  Queen, Baneling x2  
  118  7:30  Baneling x3  
  118  7:38  Zergling x2  
  118  7:39  Zergling x12  
  118  7:40  Infestation Pit  
  124  7:45  Overlord x2  
  124  7:46  Overlord x2  
  124  7:47  Drone x4  
  128  7:57  Zergling x14  
  135  8:02  Extractor, Overlord  
  135  8:04  Drone  
  134  8:06  Baneling x6  
  134  8:07  Baneling x7  
  134  8:12  Zergling x16  
  142  8:17  Pneumatized Carapace  
  142  8:18  Drone x3  
  142  8:30  Zergling x16  
  135  8:38  Zerg Melee Weapons Level 2, Centrifical Hooks, Zerg Ground Armor Level 2  
  134  8:48  Zergling x12  
  134  8:49  Zergling x12, Queen x2  
  149  8:58  Queen  
  149  8:59  Queen  
  145  9:02  Zergling x2  
  145  9:03  Zergling x10  
  150  9:12  Baneling x2, Hatchery  
  150  9:13  Baneling x2  
  148  9:24  Zergling x16  
  148  9:25  Zergling x10  
  148  9:27  Drone  
  148  9:28  Drone x4  
  158  9:33  Baneling x8  
  158  9:35  Queen, Zergling x6  
  163  9:38  Hatchery  
  163  9:41  Drone  
  163  9:42  Drone x4  
  163  9:44  Hive  
  167  9:48  Drone x7  
  157  9:59  Drone  
  158  10:00  Drone x4  
  158  10:03  Overseer  
  162  10:11  Spore Crawler  
  161  10:16  Drone x10  
  161  10:27  Zergling x2  
  161  10:28  Zergling x14  
  144  10:44  Zergling x12  
  144  10:45  Zergling x14  
  144  10:48  Hatchery  
  148  10:51  Drone x4  

Tags
 
Add a new tag
Caveats
  • Supply blocks, unpowered buildings, or Contaminate may cause inaccurate times.
  • Supply counts are checked every 10 seconds.